 Dungeon Crawl Stone Soup version 0.28.0-1-gb440e238dd (webtiles) character file.

Game seed: 14466714153334917040

9561 PoweredByGinger the Blocker (level 11, -5/92 HPs)
             Began as a Minotaur Fighter on Feb 19, 2022.
             Was an Elder of Okawaru.
             Killed from afar by an efreet (18 damage)
             ... with a fireball
             ... on level 3 of the Abyss.
             The game lasted 00:12:47 (13060 turns).

PoweredByGinger the Blocker (Minotaur Fighter)     Turns: 13060, Time: 00:12:48

Health: -5/92      AC: 18    Str: 26    XL:     11   Next: 24%
Magic:  10/10      EV: 11    Int:  5    God:    Okawaru [****..]
Gold:   860        SH: 12    Dex:  9    Spells: 10/10 levels left

rFire   . . .      SeeInvis +   a - +4 war axe (vorpal)
rCold   . . .      Faith    .   c - +0 buckler
rNeg    . . .      Spirit   .   K - +0 plate armour
rPois   .          Reflect  +   (helmet restricted)
rElec   .          Harm     .   D - +0 cloak
rCorr   .          Rampage  .   l - +1 pair of gloves
Will    .....                   (no boots)
Stlth   ..........              M - amulet of reflection
HPRegen 0.25/turn               m - ring of see invisible
MPRegen 0.12/turn               Q - +4 ring of evasion

@: about to teleport
A: horns 2, retaliatory headbutt
a: Renounce Religion, Heroism, Finesse


You were on level 3 of the Abyss.
You worshipped Okawaru.
Okawaru was greatly pleased with you.
You visited 2 branches of the dungeon, and saw 13 of its levels.
You visited the Abyss 1 time.
You also visited: Ossuary.

You collected 860 gold pieces.

Inventory:

Hand Weapons
 a - a +4 vorpal war axe (weapon)
 h - the +5 hand axe of Sorolisa {pain, Will+ rCorr Str+2}
   (You found it on level 2 of the Dungeon)

   In the hands of one skilled in necromantic magic, it inflicts extra damage on
   living creatures.
   Str:       It affects your strength (+2).
   rCorr:     It protects you from acid and corrosion.
   Will:      It increases your willpower.
Missiles
 j - 29 poisoned darts (quivered)
 k - a throwing net
 u - 230 arrows
 x - 5 silver javelins
 O - 105 bolts
Armour
 b - a +0 scale mail
 c - a +0 buckler (worn)
 l - a +1 pair of gloves (worn)
 D - a +0 cloak (worn)
 K - a +0 plate armour (worn)
Jewellery
 e - a ring of flight
 m - a ring of see invisible (left hand)
 w - a +6 ring of intelligence
 F - a ring of wizardry
 M - an amulet of reflection (around neck)
 Q - a +4 ring of evasion (right hand)
 R - an amulet of magic regeneration
Wands
 t - a wand of polymorph (8)
 L - a wand of mindburst (5)
 N - a wand of flame (23)
Scrolls
 f - 3 scrolls of magic mapping
 g - 5 scrolls of enchant weapon
 o - 3 scrolls of fog
 p - 5 scrolls of teleportation
 q - 3 scrolls of noise {unknown}
 r - a scroll of blinking {unknown}
 y - 4 scrolls of fear
 z - a scroll of silence {unknown}
 A - 2 scrolls of brand weapon {unknown}
 G - 2 scrolls of identify
 J - 2 scrolls of immolation
 P - 2 scrolls of amnesia {unknown}
 S - a scroll of summoning {unknown}
 T - a scroll of enchant armour {unknown}
Potions
 d - a potion of might
 i - 3 potions of curing
 n - a potion of attraction
 s - 2 potions of resistance
 v - 6 potions of brilliance
 B - 3 potions of invisibility
 C - 2 potions of magic
 E - 2 potions of lignification
 H - 2 potions of haste
 I - 2 potions of degeneration {unknown}


   Skills:
 - Level 7.6 Fighting
 - Level 13.0 Axes
 - Level 9.3 Armour
 - Level 13.3 Shields
 + Level 0.0 Invocations


You had 10 spell levels left.
You didn't know any spells.
Your spell library contained the following spells:

 Spells                   Type           Power      Damage    Failure   Level
 Magic Dart               Conj           0%         1d3       99%         1
 Pain                     Necr           0%         1d4       99%         1
 Sandblast                Erth           0%         2d4       99%         1
 Passwall                 Tmut/Erth      0%         N/A       100%        2
 Searing Ray              Conj           0%         2d4       100%        2
 Stone Arrow              Conj/Erth      0%         3d7       100%        3
 Fulminant Prism          Conj/Hex       0%         3d6       100%        4
 Agony                    Necr           0%         N/A       100%        5
 Excruciating Wounds      Necr           0%         N/A       100%        5


Dungeon Overview and Level Annotations

Branches:
Dungeon (12/15)            Temple (1/1) D:6            Lair (0/6) D:9
    Orc (0/2) D:9         Ossuary (visited)

Altars:
Ashenzari
Cheibriados
Dithmenos
Elyvilon
Fedhas
Gozag
Hepliaklqana
Kikubaaqudgha
Makhleb
Nemelex Xobeh
Okawaru
Qazlal
Ru
Sif Muna
Trog
Uskayaw
Vehumet
Wu Jian
Xom
Yredelemnul
Zin
The Shining One
Beogh

Annotations:
D:4 3 runed translucent doors, js333's ghost, amateur DECj
D:7 exclusion: downstairs
D:12 Frances


Innate Abilities, Weirdness & Mutations

You have a pair of horns on your head.
You reflexively headbutt those who attack you in melee.


Message History

* * * LOW HITPOINT WARNING * * *
You hit the hell hound but do no damage.
The hell hound is lightly wounded.
The hell hound breathes flames at you. The blast of flame hits you.
* * * LOW HITPOINT WARNING * * *
The blast of flame hits you!
* * * LOW HITPOINT WARNING * * *
The blast of flame hits the hell hound.
The hell hound completely resists.
You block the hell hound's attack.
Unknown command.
You barely miss the hell hound. You headbutt the hell hound!
The hell hound is heavily wounded.
You block the hell hound's attack.
You feel better.
The hell hound bites you but does no damage.
Unknown command.
You slash the hell hound!
The hell hound is almost dead.
The hell hound bites you but does no damage.
You miss the hell hound. Your headbutt misses the hell hound.
The hell hound is almost dead.
The hell hound misses you. The hell hound breathes flames at you.
The blast of flame misses you. The blast of flame hits you!
* * * LOW HITPOINT WARNING * * *
The blast of flame misses the hell hound.
You slash the hell hound!
You kill the hell hound!
That felt strangely unrewarding.
You start resting.
An efreet erupts from nowhere.
It is wielding a +0 scimitar of flaming.
An efreet is nearby!
You see here a shapeshifter corpse.
As you read the scroll of teleportation, it crumbles to dust.
You feel strangely unstable.
You feel the power of the Abyss delaying your translocation!
The efreet gestures at you.
The fireball explodes!
The fireball engulfs you!!
You die...

# ##. ##..
#. ####..##
#.# #..#.
.#
#..##.#†#.#
#.@.#○.#
#..###R).#
..≈#
##R#### ≈..
#§§○ # ##.°
○○ #.# ##
## #. #.# .


You could see an efreet.

Vanquished Creatures
  3 two-headed ogres
  An orc sorcerer (Abyss:3)
  An ugly thing (D:12)
  A manticore (D:11)
  A black mamba (shapeshifter) (Abyss:3)
  A gargoyle (D:12)
  Maggie (D:8)
  An unseen horror (D:9)
  A freezing wraith (Abyss:3)
  A tormentor (Abyss:3)
  A komodo dragon (D:9)
  A hornet (D:11)
  A meliai zombie (D:11)
  Sigmund (D:3)
  A wraith (D:5)
  5 yaks (D:8)
  2 steam dragons (D:10)
  3 vampire mosquitoes (D:12)
  2 orc warriors
  A hell hound (Abyss:3)
  3 black bears
  3 ice beasts
  2 sky beasts
  2 ogres
  3 centaurs
  A phantom (D:4)
  2 kobold brigands (D:10)
  Blork the orc (D:4)
  3 bullfrogs
  2 scorpions
  4 wights (D:6)
  5 howler monkeys
  7 centaur zombies
  4 hounds
  2 jellies
  10 orc priests
  A bullfrog skeleton (D:5)
  2 iguanas
  Terence (D:3)
  9 orc wizards
  A hound zombie (Ossuary)
  3 mummies (Ossuary)
  9 adders
  3 gnolls (D:2)
  A river rat (D:3)
  A white imp (D:6)
  2 adder skeletons (D:4)
  4 adder zombies (Ossuary)
  3 worms
  2 dart slugs
  28 orcs
  8 endoplasms
  2 giant cockroaches
  4 gnoll zombies (Ossuary)
  3 hobgoblins
  2 jackals (D:1)
  18 kobolds
  3 quokkas
  5 ball pythons
  10 bats
  3 frilled lizards (D:2)
  6 goblins
  3 goblin zombies (Ossuary)
  4 hobgoblin zombies (Ossuary)
  4 jackal zombies (Ossuary)
  2 kobold zombies (Ossuary)
  6 quokka zombies (Ossuary)
  7 rats
  6 rat zombies (Ossuary)
250 creatures vanquished.

Vanquished Creatures (others)
  An orc warrior (D:10)
  6 plants (D:9)
7 creatures vanquished.

Grand Total: 257 creatures vanquished

Notes
Turn   | Place    | Note
-------+----------+-------------------------------------------
     0 | D:1      | PoweredByGinger the Minotaur Fighter began the quest for
                  | the Orb.
     0 | D:1      | Reached XP level 1. HP: 19/19 MP: 0/0
   142 | D:1      | Reached XP level 2. HP: 23/26 MP: 1/1
   775 | D:2      | Identified the +5 hand axe of Sorolisa {pain, Will+ rCorr
                  | Str+2}
   911 | D:2      | Reached XP level 3. HP: 31/31 MP: 2/2
  1399 | D:2      | Found a faded altar of an unknown god.
  1575 | D:2      | Reached XP level 4. HP: 39/39 MP: 3/3
  1579 | D:2      | Reached skill level 5 in Shields
  2019 | D:3      | Noticed Terence
  2031 | D:3      | Killed Terence
  2032 | D:3      | Reached XP level 5. HP: 22/45 MP: 4/4
  2232 | D:3      | You fall into a shaft and drop 2 floors!
  2232 | D:5      | Entered Level 5 of the Dungeon
  2254 | D:5      | Reached skill level 5 in Axes
  2313 | D:5      | Reached XP level 6. HP: 44/51 MP: 5/5
  2368 | D:5      | Found a sand-covered staircase.
  2375 | Ossuary  | Entered an ossuary
  2815 | D:4      | Noticed Blork the orc
  2823 | D:4      | Killed Blork the orc
  2824 | D:4      | Reached XP level 7. HP: 52/57 MP: 6/6
  3503 | D:3      | Noticed Sigmund
  3509 | D:3      | Killed Sigmund
  4000 | D:4      | Reached XP level 8. HP: 67/67 MP: 7/7
  4535 | D:4      | Reached skill level 5 in Fighting
  4603 | D:4      | Found a runed translucent gate.
  4603 | D:4      | Noticed js333's ghost (amateur DECj)
  4604 | D:4      | Found a runed translucent gate.
  4604 | D:4      | Identified the +0 ring mail of the Gravedigger {+Inv Int+3
                  | Dex+5}
  4605 | D:4      | Found a runed translucent gate.
  6002 | D:6      | Reached XP level 9. HP: 54/78 MP: 8/8
  6122 | D:6      | Found a staircase to the Ecumenical Temple.
  6226 | D:6      | Reached skill level 10 in Shields
  6815 | Temple   | Entered the Ecumenical Temple
  7073 | Temple   | Became a worshipper of Warmaster Okawaru
  7384 | D:7      | Reached skill level 10 in Axes
  7562 | D:7      | Found a broken altar of Ashenzari.
  7596 | D:7      | Reached * piety under Okawaru
  8098 | D:8      | Noticed Maggie
  8627 | D:8      | Reached skill level 5 in Armour
  8629 | D:8      | Reached ** piety under Okawaru
  8949 | D:8      | Killed Maggie
  8950 | D:8      | Reached XP level 10. HP: 37/86 MP: 9/9
  9725 | D:9      | Found a staircase to the Orcish Mines.
  9882 | D:9      | Found a staircase to the Lair.
 10091 | D:9      | Noticed a two-headed ogre
 10098 | D:9      | Killed a two-headed ogre
 10194 | D:9      | Reached *** piety under Okawaru
 10591 | D:10     | Entered Level 10 of the Dungeon
 11395 | D:11     | Found an ancient bone altar of Kikubaaqudgha.
 11820 | D:11     | Noticed a manticore
 11833 | D:11     | Killed a manticore
 11833 | D:11     | Reached **** piety under Okawaru
 12088 | D:11     | Noticed a two-headed ogre
 12095 | D:11     | Killed a two-headed ogre
 12096 | D:11     | Reached XP level 11. HP: 71/92 MP: 10/10
 12431 | D:12     | Noticed a brown ugly thing
 12450 | D:12     | Killed a brown ugly thing
 12607 | D:12     | Noticed a boulder beetle
 12845 | D:12     | Noticed a two-headed ogre
 12869 | D:12     | Killed a two-headed ogre
 12938 | D:12     | Noticed a wizard
 12940 | D:12     | Noticed Frances
 12944 | D:12     | Cast into level 3 of the Abyss (a wizard)
 12973 | Abyss:3  | Noticed a fire crab
 12980 | Abyss:3  | a fire crab changed into a black mamba
 12988 | Abyss:3  | Noticed an orc sorcerer
 12993 | Abyss:3  | Killed an orc sorcerer
 13060 | Abyss:3  | Killed from afar by an efreet

Illustrated notes

Levels and vault maps discovered:
D:1:      sevenhm_arrival_forest_fort_small_5, layout_loops_ring
D:2:      layout_basic, hellmonk_ecumenical_altar_leap_of_faith,
          minmay_misc_feat_nine_boxes, minmay_3d_cube
D:3:      layout_basic, portal_sewer_entry_b, uniq_sigmund, uniq_terence
D:4:      layout_basic, biasface_ghost_orc_armoury, minmay_diced_spiral,
          uniq_blork_the_orc
D:5:      minmay_chambers_of_fours, layout_loops_cross, enter_ossuary_1
D:6:      layout_loops_ring, temple_statues
D:7:      layout_gridville, ashenzari_altar_1, minmay_misc_feat_encased
D:8:      layout_layer_cave, uniq_maggie
D:9:      layout_irregular_city, david_lair_shrubbed, orc_0_dummy
D:10:     layout_rooms
D:11:     layout_roguey, serial_rivers, chequers_serial_rivers_marsh,
          chequers_serial_rivers_micro_b, chequers_serial_rivers_micro_a,
          chequers_serial_rivers_room_b, chequers_serial_rivers_micro_e,
          chequers_serial_rivers_small_a, nicolae_kikubaaqudgha_miasma_corner
D:12:     layout_gridville, nicolae_figureground_pulse, uniq_maurice,
          uniq_frances
Temple:   nicolae_temple_the_god_donut
Abyss:3:  base: D:6, base: D:6, abyss_furniture_001

Skill      XL: |  1  2  3  4  5  6  7  8  9 10 11 |
---------------+----------------------------------+-----
Shields        | 4 5 6 7 8 9 11 12 13 | 13.3
Axes           | 3 4 5 6 8 9 11 12 13 | 13.0
Fighting       | 4 6 7 |  7.6
Armour         | 5 8 9 |  9.3

Action                   |  1- 3 |  4- 6 |  7- 9 | 10-12 || total
-------------------------+-------+-------+-------+-------++-------
Melee: War axe           |    49 |       |   228 |   165 ||   442
       Hand axe          |    34 |   143 |       |       ||   177
       Headbutt          |     6 |    18 |    35 |    34 ||    93
Invok: Heroism           |       |       |       |     2 ||     2
Evoke: Wand              |       |       |       |    11 ||    11
  Use: Scroll            |       |       |     9 |     5 ||    14
       Potion            |       |       |     1 |     2 ||     3
Armor: Scale mail        |    33 |    47 |    70 |       ||   150
       Plate armour      |       |       |    20 |    76 ||    96
Dodge: Dodged            |    49 |    46 |    68 |    45 ||   208
Block: Buckler           |    26 |    30 |    60 |   107 ||   223
       Reflection        |       |       |       |     9 ||     9
